%YAML 1.1
%TAG !u! tag:unity3d.com,2011:
--- !u!114 &473201973624494813
MonoBehaviour:
  m_ObjectHideFlags: 0
  m_CorrespondingSourceObject: {fileID: 0}
  m_PrefabInstance: {fileID: 0}
  m_PrefabAsset: {fileID: 0}
  m_GameObject: {fileID: 2091205758410875870}
  m_Enabled: 1
  m_EditorHideFlags: 0
  m_Script: {fileID: 11500000, guid: c6af46bfc09e46509c3bcc6bcf9cf89f, type: 3}
  m_Name: 
  m_EditorClassIdentifier: 
  windowType: 4
  windowLayer: 1
  windowShowMode: 1
  closeButton: {fileID: 0}
  playerVsWidget: {fileID: 8435518913306077939}
  deckCardListWidget: {fileID: 1797475049233165109}
  deckVsWidget: {fileID: 8753513205328338801}
  deckBanWidget: {fileID: 4508578779901571498}
  deckPickWidget: {fileID: 9155079110721667551}
--- !u!114 &3041358183871785139
MonoBehaviour:
  m_ObjectHideFlags: 0
  m_CorrespondingSourceObject: {fileID: 0}
  m_PrefabInstance: {fileID: 0}
  m_PrefabAsset: {fileID: 0}
  m_GameObject: {fileID: 4069323376708496937}
  m_Enabled: 1
  m_EditorHideFlags: 0
  m_Script: {fileID: 11500000, guid: 4e29b1a8efbd4b44bb3f3716e73f07ff, type: 3}
  m_Name: 
  m_EditorClassIdentifier: 
  m_Navigation:
    m_Mode: 3
    m_WrapAround: 0
    m_SelectOnUp: {fileID: 0}
    m_SelectOnDown: {fileID: 0}
    m_SelectOnLeft: {fileID: 0}
    m_SelectOnRight: {fileID: 0}
  m_Transition: 1
  m_Colors:
    m_NormalColor: {r: 1, g: 1, b: 1, a: 1}
    m_HighlightedColor: {r: 0.9607843, g: 0.9607843, b: 0.9607843, a: 1}
    m_PressedColor: {r: 0.78431374, g: 0.78431374, b: 0.78431374, a: 1}
    m_SelectedColor: {r: 0.9607843, g: 0.9607843, b: 0.9607843, a: 1}
    m_DisabledColor: {r: 0.78431374, g: 0.78431374, b: 0.78431374, a: 0.5019608}
    m_ColorMultiplier: 1
    m_FadeDuration: 0.1
  m_SpriteState:
    m_HighlightedSprite: {fileID: 0}
    m_PressedSprite: {fileID: 0}
    m_SelectedSprite: {fileID: 0}
    m_DisabledSprite: {fileID: 0}
  m_AnimationTriggers:
    m_NormalTrigger: Normal
    m_HighlightedTrigger: Highlighted
    m_PressedTrigger: Pressed
    m_SelectedTrigger: Selected
    m_DisabledTrigger: Disabled
  m_Interactable: 1
  m_TargetGraphic: {fileID: 8234967829064746947}
  m_OnClick:
    m_PersistentCalls:
      m_Calls:
      - m_Target: {fileID: 473201973624494813}
        m_TargetAssemblyTypeName: UI.Windows.Common.TournamentBanPickWindow, MyScriptAssembly
        m_MethodName: OnClickedBg
        m_Mode: 1
        m_Arguments:
          m_ObjectArgument: {fileID: 0}
          m_ObjectArgumentAssemblyTypeName: UnityEngine.Object, UnityEngine
          m_IntArgument: 0
          m_FloatArgument: 0
          m_StringArgument: 
          m_BoolArgument: 0
        m_CallState: 2
--- !u!1001 &1514953295961339963
PrefabInstance:
  m_ObjectHideFlags: 0
  serializedVersion: 2
  m_Modification:
    m_TransformParent: {fileID: 1858231675098970322}
    m_Modifications:
    - target: {fileID: 426878181569302367, guid: 8bb8e19ab591db240a59d52ecf72b1f2, type: 3}
      propertyPath: m_Name
      value: PlayerVsWidget
      objectReference: {fileID: 0}
    - target: {fileID: 482990989515315662, guid: 8bb8e19ab591db240a59d52ecf72b1f2, type: 3}
      propertyPath: m_AnchorMax.y
      value: 0
      objectReference: {fileID: 0}
    - target: {fileID: 482990989515315662, guid: 8bb8e19ab591db240a59d52ecf72b1f2, type: 3}
      propertyPath: m_AnchorMin.y
      value: 0
      objectReference: {fileID: 0}
    - target: {fileID: 482990989515315662, guid: 8bb8e19ab591db240a59d52ecf72b1f2, type: 3}
      propertyPath: m_AnchoredPosition.x
      value: 0
      objectReference: {fileID: 0}
    - target: {fileID: 482990989515315662, guid: 8bb8e19ab591db240a59d52ecf72b1f2, type: 3}
      propertyPath: m_AnchoredPosition.y
      value: 0
      objectReference: {fileID: 0}
    - target: {fileID: 968644773576499106, guid: 8bb8e19ab591db240a59d52ecf72b1f2, type: 3}
      propertyPath: m_AnchorMax.y
      value: 0
      objectReference: {fileID: 0}
    - target: {fileID: 968644773576499106, guid: 8bb8e19ab591db240a59d52ecf72b1f2, type: 3}
      propertyPath: m_AnchorMin.y
      value: 0
      objectReference: {fileID: 0}
    - target: {fileID: 968644773576499106, guid: 8bb8e19ab591db240a59d52ecf72b1f2, type: 3}
      propertyPath: m_AnchoredPosition.x
      value: 0
      objectReference: {fileID: 0}
    - target: {fileID: 968644773576499106, guid: 8bb8e19ab591db240a59d52ecf72b1f2, type: 3}
      propertyPath: m_AnchoredPosition.y
      value: 0
      objectReference: {fileID: 0}
    - target: {fileID: 1095620885966945800, guid: 8bb8e19ab591db240a59d52ecf72b1f2, type: 3}
      propertyPath: m_AnchorMax.y
      value: 0
      objectReference: {fileID: 0}
    - target: {fileID: 1095620885966945800, guid: 8bb8e19ab591db240a59d52ecf72b1f2, type: 3}
      propertyPath: m_AnchorMin.y
      value: 0
      objectReference: {fileID: 0}
    - target: {fileID: 1095620885966945800, guid: 8bb8e19ab591db240a59d52ecf72b1f2, type: 3}
      propertyPath: m_AnchoredPosition.x
      value: 0
      objectReference: {fileID: 0}
    - target: {fileID: 1095620885966945800, guid: 8bb8e19ab591db240a59d52ecf72b1f2, type: 3}
      propertyPath: m_AnchoredPosition.y
      value: 0
      objectReference: {fileID: 0}
    - target: {fileID: 1266769312005638283, guid: 8bb8e19ab591db240a59d52ecf72b1f2, type: 3}
      propertyPath: m_Pivot.x
      value: 0
      objectReference: {fileID: 0}
    - target: {fileID: 1266769312005638283, guid: 8bb8e19ab591db240a59d52ecf72b1f2, type: 3}
      propertyPath: m_Pivot.y
      value: 0.5
      objectReference: {fileID: 0}
    - target: {fileID: 1266769312005638283, guid: 8bb8e19ab591db240a59d52ecf72b1f2, type: 3}
      propertyPath: m_RootOrder
      value: 0
      objectReference: {fileID: 0}
    - target: {fileID: 1266769312005638283, guid: 8bb8e19ab591db240a59d52ecf72b1f2, type: 3}
      propertyPath: m_AnchorMax.x
      value: 0
      objectReference: {fileID: 0}
    - target: {fileID: 1266769312005638283, guid: 8bb8e19ab591db240a59d52ecf72b1f2, type: 3}
      propertyPath: m_AnchorMax.y
      value: 1
      objectReference: {fileID: 0}
    - target: {fileID: 1266769312005638283, guid: 8bb8e19ab591db240a59d52ecf72b1f2, type: 3}
      propertyPath: m_AnchorMin.x
      value: 0
      objectReference: {fileID: 0}
    - target: {fileID: 1266769312005638283, guid: 8bb8e19ab591db240a59d52ecf72b1f2, type: 3}
      propertyPath: m_AnchorMin.y
      value: 0
      objectReference: {fileID: 0}
    - target: {fileID: 1266769312005638283, guid: 8bb8e19ab591db240a59d52ecf72b1f2, type: 3}
      propertyPath: m_SizeDelta.x
      value: 420
      objectReference: {fileID: 0}
    - target: {fileID: 1266769312005638283, guid: 8bb8e19ab591db240a59d52ecf72b1f2, type: 3}
      propertyPath: m_SizeDelta.y
      value: 0
      objectReference: {fileID: 0}
    - target: {fileID: 1266769312005638283, guid: 8bb8e19ab591db240a59d52ecf72b1f2, type: 3}
      propertyPath: m_LocalPosition.x
      value: 0
      objectReference: {fileID: 0}
    - target: {fileID: 1266769312005638283, guid: 8bb8e19ab591db240a59d52ecf72b1f2, type: 3}
      propertyPath: m_LocalPosition.y
      value: 0
      objectReference: {fileID: 0}
    - target: {fileID: 1266769312005638283, guid: 8bb8e19ab591db240a59d52ecf72b1f2, type: 3}
      propertyPath: m_LocalPosition.z
      value: 0
      objectReference: {fileID: 0}
    - target: {fileID: 1266769312005638283, guid: 8bb8e19ab591db240a59d52ecf72b1f2, type: 3}
      propertyPath: m_LocalRotation.w
      value: 1
      objectReference: {fileID: 0}
    - target: {fileID: 1266769312005638283, guid: 8bb8e19ab591db240a59d52ecf72b1f2, type: 3}
      propertyPath: m_LocalRotation.x
      value: 0
      objectReference: {fileID: 0}
    - target: {fileID: 1266769312005638283, guid: 8bb8e19ab591db240a59d52ecf72b1f2, type: 3}
      propertyPath: m_LocalRotation.y
      value: 0
      objectReference: {fileID: 0}
    - target: {fileID: 1266769312005638283, guid: 8bb8e19ab591db240a59d52ecf72b1f2, type: 3}
      propertyPath: m_LocalRotation.z
      value: 0
      objectReference: {fileID: 0}
    - target: {fileID: 1266769312005638283, guid: 8bb8e19ab591db240a59d52ecf72b1f2, type: 3}
      propertyPath: m_AnchoredPosition.x
      value: 0
      objectReference: {fileID: 0}
    - target: {fileID: 1266769312005638283, guid: 8bb8e19ab591db240a59d52ecf72b1f2, type: 3}
      propertyPath: m_AnchoredPosition.y
      value: 0
      objectReference: {fileID: 0}
    - target: {fileID: 1266769312005638283, guid: 8bb8e19ab591db240a59d52ecf72b1f2, type: 3}
      propertyPath: m_LocalEulerAnglesHint.x
      value: 0
      objectReference: {fileID: 0}
    - target: {fileID: 1266769312005638283, guid: 8bb8e19ab591db240a59d52ecf72b1f2, type: 3}
      propertyPath: m_LocalEulerAnglesHint.y
      value: 0
      objectReference: {fileID: 0}
    - target: {fileID: 1266769312005638283, guid: 8bb8e19ab591db240a59d52ecf72b1f2, type: 3}
      propertyPath: m_LocalEulerAnglesHint.z
      value: 0
      objectReference: {fileID: 0}
    - target: {fileID: 1784091179741169870, guid: 8bb8e19ab591db240a59d52ecf72b1f2, type: 3}
      propertyPath: m_AnchorMax.y
      value: 0
      objectReference: {fileID: 0}
    - target: {fileID: 1784091179741169870, guid: 8bb8e19ab591db240a59d52ecf72b1f2, type: 3}
      propertyPath: m_AnchorMin.y
      value: 0
      objectReference: {fileID: 0}
    - target: {fileID: 1784091179741169870, guid: 8bb8e19ab591db240a59d52ecf72b1f2, type: 3}
      propertyPath: m_AnchoredPosition.x
      value: 0
      objectReference: {fileID: 0}
    - target: {fileID: 1784091179741169870, guid: 8bb8e19ab591db240a59d52ecf72b1f2, type: 3}
      propertyPath: m_AnchoredPosition.y
      value: 0
      objectReference: {fileID: 0}
    - target: {fileID: 1911603596244248932, guid: 8bb8e19ab591db240a59d52ecf72b1f2, type: 3}
      propertyPath: m_AnchorMax.y
      value: 0
      objectReference: {fileID: 0}
    - target: {fileID: 1911603596244248932, guid: 8bb8e19ab591db240a59d52ecf72b1f2, type: 3}
      propertyPath: m_AnchorMin.y
      value: 0
      objectReference: {fileID: 0}
    - target: {fileID: 1911603596244248932, guid: 8bb8e19ab591db240a59d52ecf72b1f2, type: 3}
      propertyPath: m_AnchoredPosition.x
      value: 0
      objectReference: {fileID: 0}
    - target: {fileID: 1911603596244248932, guid: 8bb8e19ab591db240a59d52ecf72b1f2, type: 3}
      propertyPath: m_AnchoredPosition.y
      value: 0
      objectReference: {fileID: 0}
    - target: {fileID: 2018765748012278599, guid: 8bb8e19ab591db240a59d52ecf72b1f2, type: 3}
      propertyPath: m_AnchorMax.y
      value: 0
      objectReference: {fileID: 0}
    - target: {fileID: 2018765748012278599, guid: 8bb8e19ab591db240a59d52ecf72b1f2, type: 3}
      propertyPath: m_AnchorMin.y
      value: 0
      objectReference: {fileID: 0}
    - target: {fileID: 2018765748012278599, guid: 8bb8e19ab591db240a59d52ecf72b1f2, type: 3}
      propertyPath: m_AnchoredPosition.x
      value: 0
      objectReference: {fileID: 0}
    - target: {fileID: 2018765748012278599, guid: 8bb8e19ab591db240a59d52ecf72b1f2, type: 3}
      propertyPath: m_AnchoredPosition.y
      value: 0
      objectReference: {fileID: 0}
    - target: {fileID: 4327828663983158430, guid: 8bb8e19ab591db240a59d52ecf72b1f2, type: 3}
      propertyPath: m_OnClick.m_PersistentCalls.m_Calls.Array.size
      value: 1
      objectReference: {fileID: 0}
    - target: {fileID: 4327828663983158430, guid: 8bb8e19ab591db240a59d52ecf72b1f2, type: 3}
      propertyPath: m_OnClick.m_PersistentCalls.m_Calls.Array.data[0].m_Mode
      value: 1
      objectReference: {fileID: 0}
    - target: {fileID: 4327828663983158430, guid: 8bb8e19ab591db240a59d52ecf72b1f2, type: 3}
      propertyPath: m_OnClick.m_PersistentCalls.m_Calls.Array.data[0].m_Target
      value: 
      objectReference: {fileID: 473201973624494813}
    - target: {fileID: 4327828663983158430, guid: 8bb8e19ab591db240a59d52ecf72b1f2, type: 3}
      propertyPath: m_OnClick.m_PersistentCalls.m_Calls.Array.data[0].m_CallState
      value: 2
      objectReference: {fileID: 0}
    - target: {fileID: 4327828663983158430, guid: 8bb8e19ab591db240a59d52ecf72b1f2, type: 3}
      propertyPath: m_OnClick.m_PersistentCalls.m_Calls.Array.data[0].m_MethodName
      value: OnClickExitLobby
      objectReference: {fileID: 0}
    - target: {fileID: 4327828663983158430, guid: 8bb8e19ab591db240a59d52ecf72b1f2, type: 3}
      propertyPath: m_OnClick.m_PersistentCalls.m_Calls.Array.data[0].m_TargetAssemblyTypeName
      value: UI.Windows.Common.TournamentBanPickWindow, MyScriptAssembly
      objectReference: {fileID: 0}
    - target: {fileID: 4327828663983158430, guid: 8bb8e19ab591db240a59d52ecf72b1f2, type: 3}
      propertyPath: m_OnClick.m_PersistentCalls.m_Calls.Array.data[0].m_Arguments.m_ObjectArgumentAssemblyTypeName
      value: UnityEngine.Object, UnityEngine
      objectReference: {fileID: 0}
    - target: {fileID: 4731747602314200342, guid: 8bb8e19ab591db240a59d52ecf72b1f2, type: 3}
      propertyPath: m_AnchorMax.y
      value: 0
      objectReference: {fileID: 0}
    - target: {fileID: 4731747602314200342, guid: 8bb8e19ab591db240a59d52ecf72b1f2, type: 3}
      propertyPath: m_AnchorMin.y
      value: 0
      objectReference: {fileID: 0}
    - target: {fileID: 4731747602314200342, guid: 8bb8e19ab591db240a59d52ecf72b1f2, type: 3}
      propertyPath: m_AnchoredPosition.x
      value: 0
      objectReference: {fileID: 0}
    - target: {fileID: 4731747602314200342, guid: 8bb8e19ab591db240a59d52ecf72b1f2, type: 3}
      propertyPath: m_AnchoredPosition.y
      value: 0
      objectReference: {fileID: 0}
    - target: {fileID: 7459543110708214779, guid: 8bb8e19ab591db240a59d52ecf72b1f2, type: 3}
      propertyPath: m_AnchorMax.y
      value: 0
      objectReference: {fileID: 0}
    - target: {fileID: 7459543110708214779, guid: 8bb8e19ab591db240a59d52ecf72b1f2, type: 3}
      propertyPath: m_AnchorMin.y
      value: 0
      objectReference: {fileID: 0}
    - target: {fileID: 7459543110708214779, guid: 8bb8e19ab591db240a59d52ecf72b1f2, type: 3}
      propertyPath: m_AnchoredPosition.x
      value: 0
      objectReference: {fileID: 0}
    - target: {fileID: 7459543110708214779, guid: 8bb8e19ab591db240a59d52ecf72b1f2, type: 3}
      propertyPath: m_AnchoredPosition.y
      value: 0
      objectReference: {fileID: 0}
    - target: {fileID: 7590866629760093661, guid: 8bb8e19ab591db240a59d52ecf72b1f2, type: 3}
      propertyPath: m_AnchorMax.y
      value: 0
      objectReference: {fileID: 0}
    - target: {fileID: 7590866629760093661, guid: 8bb8e19ab591db240a59d52ecf72b1f2, type: 3}
      propertyPath: m_AnchorMin.y
      value: 0
      objectReference: {fileID: 0}
    - target: {fileID: 7590866629760093661, guid: 8bb8e19ab591db240a59d52ecf72b1f2, type: 3}
      propertyPath: m_AnchoredPosition.x
      value: 0
      objectReference: {fileID: 0}
    - target: {fileID: 7590866629760093661, guid: 8bb8e19ab591db240a59d52ecf72b1f2, type: 3}
      propertyPath: m_AnchoredPosition.y
      value: 0
      objectReference: {fileID: 0}
    - target: {fileID: 9001324327383472817, guid: 8bb8e19ab591db240a59d52ecf72b1f2, type: 3}
      propertyPath: m_AnchorMax.y
      value: 0
      objectReference: {fileID: 0}
    - target: {fileID: 9001324327383472817, guid: 8bb8e19ab591db240a59d52ecf72b1f2, type: 3}
      propertyPath: m_AnchorMin.y
      value: 0
      objectReference: {fileID: 0}
    - target: {fileID: 9001324327383472817, guid: 8bb8e19ab591db240a59d52ecf72b1f2, type: 3}
      propertyPath: m_AnchoredPosition.x
      value: 0
      objectReference: {fileID: 0}
    - target: {fileID: 9001324327383472817, guid: 8bb8e19ab591db240a59d52ecf72b1f2, type: 3}
      propertyPath: m_AnchoredPosition.y
      value: 0
      objectReference: {fileID: 0}
    m_RemovedComponents: []
  m_SourcePrefab: {fileID: 100100000, guid: 8bb8e19ab591db240a59d52ecf72b1f2, type: 3}
--- !u!114 &8435518913306077939 stripped
MonoBehaviour:
  m_CorrespondingSourceObject: {fileID: 6923943841051939528, guid: 8bb8e19ab591db240a59d52ecf72b1f2, type: 3}
  m_PrefabInstance: {fileID: 1514953295961339963}
  m_PrefabAsset: {fileID: 0}
  m_GameObject: {fileID: 0}
  m_Enabled: 1
  m_EditorHideFlags: 0
  m_Script: {fileID: 11500000, guid: 9d1e4ba60c534ca88fdf5627b3b3327e, type: 3}
  m_Name: 
  m_EditorClassIdentifier: 
--- !u!1001 &2395647616811305118
PrefabInstance:
  m_ObjectHideFlags: 0
  serializedVersion: 2
  m_Modification:
    m_TransformParent: {fileID: 0}
    m_Modifications:
    - target: {fileID: 4339913536740813632, guid: 3ca6347841d3331438075cfd898c2c79, type: 3}
      propertyPath: m_Name
      value: TournamentBanPickWindow
      objectReference: {fileID: 0}
    - target: {fileID: 4339913536740813635, guid: 3ca6347841d3331438075cfd898c2c79, type: 3}
      propertyPath: m_Pivot.x
      value: 0.5
      objectReference: {fileID: 0}
    - target: {fileID: 4339913536740813635, guid: 3ca6347841d3331438075cfd898c2c79, type: 3}
      propertyPath: m_Pivot.y
      value: 0.5
      objectReference: {fileID: 0}
    - target: {fileID: 4339913536740813635, guid: 3ca6347841d3331438075cfd898c2c79, type: 3}
      propertyPath: m_RootOrder
      value: 0
      objectReference: {fileID: 0}
    - target: {fileID: 4339913536740813635, guid: 3ca6347841d3331438075cfd898c2c79, type: 3}
      propertyPath: m_AnchorMax.x
      value: 1
      objectReference: {fileID: 0}
    - target: {fileID: 4339913536740813635, guid: 3ca6347841d3331438075cfd898c2c79, type: 3}
      propertyPath: m_AnchorMax.y
      value: 1
      objectReference: {fileID: 0}
    - target: {fileID: 4339913536740813635, guid: 3ca6347841d3331438075cfd898c2c79, type: 3}
      propertyPath: m_AnchorMin.x
      value: 0
      objectReference: {fileID: 0}
    - target: {fileID: 4339913536740813635, guid: 3ca6347841d3331438075cfd898c2c79, type: 3}
      propertyPath: m_AnchorMin.y
      value: 0
      objectReference: {fileID: 0}
    - target: {fileID: 4339913536740813635, guid: 3ca6347841d3331438075cfd898c2c79, type: 3}
      propertyPath: m_SizeDelta.x
      value: 0
      objectReference: {fileID: 0}
    - target: {fileID: 4339913536740813635, guid: 3ca6347841d3331438075cfd898c2c79, type: 3}
      propertyPath: m_SizeDelta.y
      value: 0
      objectReference: {fileID: 0}
    - target: {fileID: 4339913536740813635, guid: 3ca6347841d3331438075cfd898c2c79, type: 3}
      propertyPath: m_LocalPosition.x
      value: 0
      objectReference: {fileID: 0}
    - target: {fileID: 4339913536740813635, guid: 3ca6347841d3331438075cfd898c2c79, type: 3}
      propertyPath: m_LocalPosition.y
      value: 0
      objectReference: {fileID: 0}
    - target: {fileID: 4339913536740813635, guid: 3ca6347841d3331438075cfd898c2c79, type: 3}
      propertyPath: m_LocalPosition.z
      value: 0
      objectReference: {fileID: 0}
    - target: {fileID: 4339913536740813635, guid: 3ca6347841d3331438075cfd898c2c79, type: 3}
      propertyPath: m_LocalRotation.w
      value: 1
      objectReference: {fileID: 0}
    - target: {fileID: 4339913536740813635, guid: 3ca6347841d3331438075cfd898c2c79, type: 3}
      propertyPath: m_LocalRotation.x
      value: 0
      objectReference: {fileID: 0}
    - target: {fileID: 4339913536740813635, guid: 3ca6347841d3331438075cfd898c2c79, type: 3}
      propertyPath: m_LocalRotation.y
      value: 0
      objectReference: {fileID: 0}
    - target: {fileID: 4339913536740813635, guid: 3ca6347841d3331438075cfd898c2c79, type: 3}
      propertyPath: m_LocalRotation.z
      value: 0
      objectReference: {fileID: 0}
    - target: {fileID: 4339913536740813635, guid: 3ca6347841d3331438075cfd898c2c79, type: 3}
      propertyPath: m_AnchoredPosition.x
      value: 0
      objectReference: {fileID: 0}
    - target: {fileID: 4339913536740813635, guid: 3ca6347841d3331438075cfd898c2c79, type: 3}
      propertyPath: m_AnchoredPosition.y
      value: 0
      objectReference: {fileID: 0}
    - target: {fileID: 4339913536740813635, guid: 3ca6347841d3331438075cfd898c2c79, type: 3}
      propertyPath: m_LocalEulerAnglesHint.x
      value: 0
      objectReference: {fileID: 0}
    - target: {fileID: 4339913536740813635, guid: 3ca6347841d3331438075cfd898c2c79, type: 3}
      propertyPath: m_LocalEulerAnglesHint.y
      value: 0
      objectReference: {fileID: 0}
    - target: {fileID: 4339913536740813635, guid: 3ca6347841d3331438075cfd898c2c79, type: 3}
      propertyPath: m_LocalEulerAnglesHint.z
      value: 0
      objectReference: {fileID: 0}
    m_RemovedComponents: []
  m_SourcePrefab: {fileID: 100100000, guid: 3ca6347841d3331438075cfd898c2c79, type: 3}
--- !u!1 &2091205758410875870 stripped
GameObject:
  m_CorrespondingSourceObject: {fileID: 4339913536740813632, guid: 3ca6347841d3331438075cfd898c2c79, type: 3}
  m_PrefabInstance: {fileID: 2395647616811305118}
  m_PrefabAsset: {fileID: 0}
--- !u!224 &1858231675098970322 stripped
RectTransform:
  m_CorrespondingSourceObject: {fileID: 4104695762714865740, guid: 3ca6347841d3331438075cfd898c2c79, type: 3}
  m_PrefabInstance: {fileID: 2395647616811305118}
  m_PrefabAsset: {fileID: 0}
--- !u!1001 &2544420827430015823
PrefabInstance:
  m_ObjectHideFlags: 0
  serializedVersion: 2
  m_Modification:
    m_TransformParent: {fileID: 1858231675098970322}
    m_Modifications:
    - target: {fileID: 182408108620444197, guid: b8aa2014395839740b741ca22be44c18, type: 3}
      propertyPath: m_AnchorMax.y
      value: 0
      objectReference: {fileID: 0}
    - target: {fileID: 182408108620444197, guid: b8aa2014395839740b741ca22be44c18, type: 3}
      propertyPath: m_AnchorMin.y
      value: 0
      objectReference: {fileID: 0}
    - target: {fileID: 182408108620444197, guid: b8aa2014395839740b741ca22be44c18, type: 3}
      propertyPath: m_AnchoredPosition.x
      value: 0
      objectReference: {fileID: 0}
    - target: {fileID: 182408108620444197, guid: b8aa2014395839740b741ca22be44c18, type: 3}
      propertyPath: m_AnchoredPosition.y
      value: 0
      objectReference: {fileID: 0}
    - target: {fileID: 2909267924625156676, guid: b8aa2014395839740b741ca22be44c18, type: 3}
      propertyPath: m_Pivot.x
      value: 1
      objectReference: {fileID: 0}
    - target: {fileID: 2909267924625156676, guid: b8aa2014395839740b741ca22be44c18, type: 3}
      propertyPath: m_Pivot.y
      value: 0.5
      objectReference: {fileID: 0}
    - target: {fileID: 2909267924625156676, guid: b8aa2014395839740b741ca22be44c18, type: 3}
      propertyPath: m_RootOrder
      value: 4
      objectReference: {fileID: 0}
    - target: {fileID: 2909267924625156676, guid: b8aa2014395839740b741ca22be44c18, type: 3}
      propertyPath: m_AnchorMax.x
      value: 1
      objectReference: {fileID: 0}
    - target: {fileID: 2909267924625156676, guid: b8aa2014395839740b741ca22be44c18, type: 3}
      propertyPath: m_AnchorMax.y
      value: 1
      objectReference: {fileID: 0}
    - target: {fileID: 2909267924625156676, guid: b8aa2014395839740b741ca22be44c18, type: 3}
      propertyPath: m_AnchorMin.x
      value: 1
      objectReference: {fileID: 0}
    - target: {fileID: 2909267924625156676, guid: b8aa2014395839740b741ca22be44c18, type: 3}
      propertyPath: m_AnchorMin.y
      value: 0
      objectReference: {fileID: 0}
    - target: {fileID: 2909267924625156676, guid: b8aa2014395839740b741ca22be44c18, type: 3}
      propertyPath: m_SizeDelta.x
      value: 450
      objectReference: {fileID: 0}
    - target: {fileID: 2909267924625156676, guid: b8aa2014395839740b741ca22be44c18, type: 3}
      propertyPath: m_SizeDelta.y
      value: 0
      objectReference: {fileID: 0}
    - target: {fileID: 2909267924625156676, guid: b8aa2014395839740b741ca22be44c18, type: 3}
      propertyPath: m_LocalPosition.x
      value: 0
      objectReference: {fileID: 0}
    - target: {fileID: 2909267924625156676, guid: b8aa2014395839740b741ca22be44c18, type: 3}
      propertyPath: m_LocalPosition.y
      value: 0
      objectReference: {fileID: 0}
    - target: {fileID: 2909267924625156676, guid: b8aa2014395839740b741ca22be44c18, type: 3}
      propertyPath: m_LocalPosition.z
      value: 0
      objectReference: {fileID: 0}
    - target: {fileID: 2909267924625156676, guid: b8aa2014395839740b741ca22be44c18, type: 3}
      propertyPath: m_LocalRotation.w
      value: 1
      objectReference: {fileID: 0}
    - target: {fileID: 2909267924625156676, guid: b8aa2014395839740b741ca22be44c18, type: 3}
      propertyPath: m_LocalRotation.x
      value: 0
      objectReference: {fileID: 0}
    - target: {fileID: 2909267924625156676, guid: b8aa2014395839740b741ca22be44c18, type: 3}
      propertyPath: m_LocalRotation.y
      value: 0
      objectReference: {fileID: 0}
    - target: {fileID: 2909267924625156676, guid: b8aa2014395839740b741ca22be44c18, type: 3}
      propertyPath: m_LocalRotation.z
      value: 0
      objectReference: {fileID: 0}
    - target: {fileID: 2909267924625156676, guid: b8aa2014395839740b741ca22be44c18, type: 3}
      propertyPath: m_AnchoredPosition.x
      value: 0
      objectReference: {fileID: 0}
    - target: {fileID: 2909267924625156676, guid: b8aa2014395839740b741ca22be44c18, type: 3}
      propertyPath: m_AnchoredPosition.y
      value: 0
      objectReference: {fileID: 0}
    - target: {fileID: 2909267924625156676, guid: b8aa2014395839740b741ca22be44c18, type: 3}
      propertyPath: m_LocalEulerAnglesHint.x
      value: 0
      objectReference: {fileID: 0}
    - target: {fileID: 2909267924625156676, guid: b8aa2014395839740b741ca22be44c18, type: 3}
      propertyPath: m_LocalEulerAnglesHint.y
      value: 0
      objectReference: {fileID: 0}
    - target: {fileID: 2909267924625156676, guid: b8aa2014395839740b741ca22be44c18, type: 3}
      propertyPath: m_LocalEulerAnglesHint.z
      value: 0
      objectReference: {fileID: 0}
    - target: {fileID: 3558636887774499263, guid: b8aa2014395839740b741ca22be44c18, type: 3}
      propertyPath: m_AnchorMax.y
      value: 0
      objectReference: {fileID: 0}
    - target: {fileID: 3558636887774499263, guid: b8aa2014395839740b741ca22be44c18, type: 3}
      propertyPath: m_AnchorMin.y
      value: 0
      objectReference: {fileID: 0}
    - target: {fileID: 3558636887774499263, guid: b8aa2014395839740b741ca22be44c18, type: 3}
      propertyPath: m_SizeDelta.x
      value: 0
      objectReference: {fileID: 0}
    - target: {fileID: 3558636887774499263, guid: b8aa2014395839740b741ca22be44c18, type: 3}
      propertyPath: m_SizeDelta.y
      value: 0
      objectReference: {fileID: 0}
    - target: {fileID: 3558636887774499263, guid: b8aa2014395839740b741ca22be44c18, type: 3}
      propertyPath: m_AnchoredPosition.x
      value: 0
      objectReference: {fileID: 0}
    - target: {fileID: 3558636887774499263, guid: b8aa2014395839740b741ca22be44c18, type: 3}
      propertyPath: m_AnchoredPosition.y
      value: 0
      objectReference: {fileID: 0}
    - target: {fileID: 3990958239869524421, guid: b8aa2014395839740b741ca22be44c18, type: 3}
      propertyPath: m_AnchorMax.y
      value: 0
      objectReference: {fileID: 0}
    - target: {fileID: 3990958239869524421, guid: b8aa2014395839740b741ca22be44c18, type: 3}
      propertyPath: m_AnchorMin.y
      value: 0
      objectReference: {fileID: 0}
    - target: {fileID: 3990958239869524421, guid: b8aa2014395839740b741ca22be44c18, type: 3}
      propertyPath: m_SizeDelta.x
      value: 0
      objectReference: {fileID: 0}
    - target: {fileID: 3990958239869524421, guid: b8aa2014395839740b741ca22be44c18, type: 3}
      propertyPath: m_SizeDelta.y
      value: 0
      objectReference: {fileID: 0}
    - target: {fileID: 3990958239869524421, guid: b8aa2014395839740b741ca22be44c18, type: 3}
      propertyPath: m_AnchoredPosition.x
      value: 0
      objectReference: {fileID: 0}
    - target: {fileID: 3990958239869524421, guid: b8aa2014395839740b741ca22be44c18, type: 3}
      propertyPath: m_AnchoredPosition.y
      value: 0
      objectReference: {fileID: 0}
    - target: {fileID: 6698681107224624718, guid: b8aa2014395839740b741ca22be44c18, type: 3}
      propertyPath: m_AnchorMax.y
      value: 0
      objectReference: {fileID: 0}
    - target: {fileID: 6698681107224624718, guid: b8aa2014395839740b741ca22be44c18, type: 3}
      propertyPath: m_AnchorMin.y
      value: 0
      objectReference: {fileID: 0}
    - target: {fileID: 6698681107224624718, guid: b8aa2014395839740b741ca22be44c18, type: 3}
      propertyPath: m_SizeDelta.x
      value: 0
      objectReference: {fileID: 0}
    - target: {fileID: 6698681107224624718, guid: b8aa2014395839740b741ca22be44c18, type: 3}
      propertyPath: m_SizeDelta.y
      value: 0
      objectReference: {fileID: 0}
    - target: {fileID: 6698681107224624718, guid: b8aa2014395839740b741ca22be44c18, type: 3}
      propertyPath: m_AnchoredPosition.x
      value: 0
      objectReference: {fileID: 0}
    - target: {fileID: 6698681107224624718, guid: b8aa2014395839740b741ca22be44c18, type: 3}
      propertyPath: m_AnchoredPosition.y
      value: 0
      objectReference: {fileID: 0}
    - target: {fileID: 7270017792735281648, guid: b8aa2014395839740b741ca22be44c18, type: 3}
      propertyPath: m_AnchorMax.y
      value: 0
      objectReference: {fileID: 0}
    - target: {fileID: 7270017792735281648, guid: b8aa2014395839740b741ca22be44c18, type: 3}
      propertyPath: m_AnchorMin.y
      value: 0
      objectReference: {fileID: 0}
    - target: {fileID: 7270017792735281648, guid: b8aa2014395839740b741ca22be44c18, type: 3}
      propertyPath: m_AnchoredPosition.x
      value: 0
      objectReference: {fileID: 0}
    - target: {fileID: 7270017792735281648, guid: b8aa2014395839740b741ca22be44c18, type: 3}
      propertyPath: m_AnchoredPosition.y
      value: 0
      objectReference: {fileID: 0}
    - target: {fileID: 8443267492351046422, guid: b8aa2014395839740b741ca22be44c18, type: 3}
      propertyPath: m_Name
      value: DeckPickWidget
      objectReference: {fileID: 0}
    - target: {fileID: 9213925655036201234, guid: b8aa2014395839740b741ca22be44c18, type: 3}
      propertyPath: m_AnchorMax.y
      value: 0
      objectReference: {fileID: 0}
    - target: {fileID: 9213925655036201234, guid: b8aa2014395839740b741ca22be44c18, type: 3}
      propertyPath: m_AnchorMin.y
      value: 0
      objectReference: {fileID: 0}
    - target: {fileID: 9213925655036201234, guid: b8aa2014395839740b741ca22be44c18, type: 3}
      propertyPath: m_SizeDelta.x
      value: 0
      objectReference: {fileID: 0}
    - target: {fileID: 9213925655036201234, guid: b8aa2014395839740b741ca22be44c18, type: 3}
      propertyPath: m_SizeDelta.y
      value: 0
      objectReference: {fileID: 0}
    - target: {fileID: 9213925655036201234, guid: b8aa2014395839740b741ca22be44c18, type: 3}
      propertyPath: m_AnchoredPosition.x
      value: 0
      objectReference: {fileID: 0}
    - target: {fileID: 9213925655036201234, guid: b8aa2014395839740b741ca22be44c18, type: 3}
      propertyPath: m_AnchoredPosition.y
      value: 0
      objectReference: {fileID: 0}
    m_RemovedComponents: []
  m_SourcePrefab: {fileID: 100100000, guid: b8aa2014395839740b741ca22be44c18, type: 3}
--- !u!114 &9155079110721667551 stripped
MonoBehaviour:
  m_CorrespondingSourceObject: {fileID: 6648094463316480656, guid: b8aa2014395839740b741ca22be44c18, type: 3}
  m_PrefabInstance: {fileID: 2544420827430015823}
  m_PrefabAsset: {fileID: 0}
  m_GameObject: {fileID: 0}
  m_Enabled: 1
  m_EditorHideFlags: 0
  m_Script: {fileID: 11500000, guid: 897157d595834bb0bcd8a90ccbfbe3ec, type: 3}
  m_Name: 
  m_EditorClassIdentifier: 
--- !u!1001 &2990839456275846136
PrefabInstance:
  m_ObjectHideFlags: 0
  serializedVersion: 2
  m_Modification:
    m_TransformParent: {fileID: 1858231675098970322}
    m_Modifications:
    - target: {fileID: 933104354201810112, guid: b2a474d395ca5dd42befa9d441eebd42, type: 3}
      propertyPath: m_Pivot.x
      value: 1
      objectReference: {fileID: 0}
    - target: {fileID: 933104354201810112, guid: b2a474d395ca5dd42befa9d441eebd42, type: 3}
      propertyPath: m_Pivot.y
      value: 0.5
      objectReference: {fileID: 0}
    - target: {fileID: 933104354201810112, guid: b2a474d395ca5dd42befa9d441eebd42, type: 3}
      propertyPath: m_RootOrder
      value: 3
      objectReference: {fileID: 0}
    - target: {fileID: 933104354201810112, guid: b2a474d395ca5dd42befa9d441eebd42, type: 3}
      propertyPath: m_AnchorMax.x
      value: 1
      objectReference: {fileID: 0}
    - target: {fileID: 933104354201810112, guid: b2a474d395ca5dd42befa9d441eebd42, type: 3}
      propertyPath: m_AnchorMax.y
      value: 1
      objectReference: {fileID: 0}
    - target: {fileID: 933104354201810112, guid: b2a474d395ca5dd42befa9d441eebd42, type: 3}
      propertyPath: m_AnchorMin.x
      value: 1
      objectReference: {fileID: 0}
    - target: {fileID: 933104354201810112, guid: b2a474d395ca5dd42befa9d441eebd42, type: 3}
      propertyPath: m_AnchorMin.y
      value: 0
      objectReference: {fileID: 0}
    - target: {fileID: 933104354201810112, guid: b2a474d395ca5dd42befa9d441eebd42, type: 3}
      propertyPath: m_SizeDelta.x
      value: 450
      objectReference: {fileID: 0}
    - target: {fileID: 933104354201810112, guid: b2a474d395ca5dd42befa9d441eebd42, type: 3}
      propertyPath: m_SizeDelta.y
      value: 0
      objectReference: {fileID: 0}
    - target: {fileID: 933104354201810112, guid: b2a474d395ca5dd42befa9d441eebd42, type: 3}
      propertyPath: m_LocalPosition.x
      value: 0
      objectReference: {fileID: 0}
    - target: {fileID: 933104354201810112, guid: b2a474d395ca5dd42befa9d441eebd42, type: 3}
      propertyPath: m_LocalPosition.y
      value: 0
      objectReference: {fileID: 0}
    - target: {fileID: 933104354201810112, guid: b2a474d395ca5dd42befa9d441eebd42, type: 3}
      propertyPath: m_LocalPosition.z
      value: 0
      objectReference: {fileID: 0}
    - target: {fileID: 933104354201810112, guid: b2a474d395ca5dd42befa9d441eebd42, type: 3}
      propertyPath: m_LocalRotation.w
      value: 1
      objectReference: {fileID: 0}
    - target: {fileID: 933104354201810112, guid: b2a474d395ca5dd42befa9d441eebd42, type: 3}
      propertyPath: m_LocalRotation.x
      value: 0
      objectReference: {fileID: 0}
    - target: {fileID: 933104354201810112, guid: b2a474d395ca5dd42befa9d441eebd42, type: 3}
      propertyPath: m_LocalRotation.y
      value: 0
      objectReference: {fileID: 0}
    - target: {fileID: 933104354201810112, guid: b2a474d395ca5dd42befa9d441eebd42, type: 3}
      propertyPath: m_LocalRotation.z
      value: 0
      objectReference: {fileID: 0}
    - target: {fileID: 933104354201810112, guid: b2a474d395ca5dd42befa9d441eebd42, type: 3}
      propertyPath: m_AnchoredPosition.x
      value: 0
      objectReference: {fileID: 0}
    - target: {fileID: 933104354201810112, guid: b2a474d395ca5dd42befa9d441eebd42, type: 3}
      propertyPath: m_AnchoredPosition.y
      value: 0
      objectReference: {fileID: 0}
    - target: {fileID: 933104354201810112, guid: b2a474d395ca5dd42befa9d441eebd42, type: 3}
      propertyPath: m_LocalEulerAnglesHint.x
      value: 0
      objectReference: {fileID: 0}
    - target: {fileID: 933104354201810112, guid: b2a474d395ca5dd42befa9d441eebd42, type: 3}
      propertyPath: m_LocalEulerAnglesHint.y
      value: 0
      objectReference: {fileID: 0}
    - target: {fileID: 933104354201810112, guid: b2a474d395ca5dd42befa9d441eebd42, type: 3}
      propertyPath: m_LocalEulerAnglesHint.z
      value: 0
      objectReference: {fileID: 0}
    - target: {fileID: 1427216583851149121, guid: b2a474d395ca5dd42befa9d441eebd42, type: 3}
      propertyPath: m_AnchorMax.y
      value: 0
      objectReference: {fileID: 0}
    - target: {fileID: 1427216583851149121, guid: b2a474d395ca5dd42befa9d441eebd42, type: 3}
      propertyPath: m_AnchorMin.y
      value: 0
      objectReference: {fileID: 0}
    - target: {fileID: 1427216583851149121, guid: b2a474d395ca5dd42befa9d441eebd42, type: 3}
      propertyPath: m_SizeDelta.x
      value: 0
      objectReference: {fileID: 0}
    - target: {fileID: 1427216583851149121, guid: b2a474d395ca5dd42befa9d441eebd42, type: 3}
      propertyPath: m_SizeDelta.y
      value: 0
      objectReference: {fileID: 0}
    - target: {fileID: 1427216583851149121, guid: b2a474d395ca5dd42befa9d441eebd42, type: 3}
      propertyPath: m_AnchoredPosition.x
      value: 0
      objectReference: {fileID: 0}
    - target: {fileID: 1427216583851149121, guid: b2a474d395ca5dd42befa9d441eebd42, type: 3}
      propertyPath: m_AnchoredPosition.y
      value: 0
      objectReference: {fileID: 0}
    - target: {fileID: 1571219506637786939, guid: b2a474d395ca5dd42befa9d441eebd42, type: 3}
      propertyPath: m_AnchorMax.y
      value: 0
      objectReference: {fileID: 0}
    - target: {fileID: 1571219506637786939, guid: b2a474d395ca5dd42befa9d441eebd42, type: 3}
      propertyPath: m_AnchorMin.y
      value: 0
      objectReference: {fileID: 0}
    - target: {fileID: 1571219506637786939, guid: b2a474d395ca5dd42befa9d441eebd42, type: 3}
      propertyPath: m_SizeDelta.x
      value: 0
      objectReference: {fileID: 0}
    - target: {fileID: 1571219506637786939, guid: b2a474d395ca5dd42befa9d441eebd42, type: 3}
      propertyPath: m_SizeDelta.y
      value: 0
      objectReference: {fileID: 0}
    - target: {fileID: 1571219506637786939, guid: b2a474d395ca5dd42befa9d441eebd42, type: 3}
      propertyPath: m_AnchoredPosition.x
      value: 0
      objectReference: {fileID: 0}
    - target: {fileID: 1571219506637786939, guid: b2a474d395ca5dd42befa9d441eebd42, type: 3}
      propertyPath: m_AnchoredPosition.y
      value: 0
      objectReference: {fileID: 0}
    - target: {fileID: 2748547627733822625, guid: b2a474d395ca5dd42befa9d441eebd42, type: 3}
      propertyPath: m_AnchorMax.y
      value: 0
      objectReference: {fileID: 0}
    - target: {fileID: 2748547627733822625, guid: b2a474d395ca5dd42befa9d441eebd42, type: 3}
      propertyPath: m_AnchorMin.y
      value: 0
      objectReference: {fileID: 0}
    - target: {fileID: 2748547627733822625, guid: b2a474d395ca5dd42befa9d441eebd42, type: 3}
      propertyPath: m_AnchoredPosition.x
      value: 0
      objectReference: {fileID: 0}
    - target: {fileID: 2748547627733822625, guid: b2a474d395ca5dd42befa9d441eebd42, type: 3}
      propertyPath: m_AnchoredPosition.y
      value: 0
      objectReference: {fileID: 0}
    - target: {fileID: 4632106277762785140, guid: b2a474d395ca5dd42befa9d441eebd42, type: 3}
      propertyPath: m_AnchorMax.y
      value: 0
      objectReference: {fileID: 0}
    - target: {fileID: 4632106277762785140, guid: b2a474d395ca5dd42befa9d441eebd42, type: 3}
      propertyPath: m_AnchorMin.y
      value: 0
      objectReference: {fileID: 0}
    - target: {fileID: 4632106277762785140, guid: b2a474d395ca5dd42befa9d441eebd42, type: 3}
      propertyPath: m_AnchoredPosition.x
      value: 0
      objectReference: {fileID: 0}
    - target: {fileID: 4632106277762785140, guid: b2a474d395ca5dd42befa9d441eebd42, type: 3}
      propertyPath: m_AnchoredPosition.y
      value: 0
      objectReference: {fileID: 0}
    - target: {fileID: 5872770574291709330, guid: b2a474d395ca5dd42befa9d441eebd42, type: 3}
      propertyPath: m_Name
      value: DeckBanWidget
      objectReference: {fileID: 0}
    - target: {fileID: 6589529473859934102, guid: b2a474d395ca5dd42befa9d441eebd42, type: 3}
      propertyPath: m_AnchorMax.y
      value: 0
      objectReference: {fileID: 0}
    - target: {fileID: 6589529473859934102, guid: b2a474d395ca5dd42befa9d441eebd42, type: 3}
      propertyPath: m_AnchorMin.y
      value: 0
      objectReference: {fileID: 0}
    - target: {fileID: 6589529473859934102, guid: b2a474d395ca5dd42befa9d441eebd42, type: 3}
      propertyPath: m_SizeDelta.x
      value: 0
      objectReference: {fileID: 0}
    - target: {fileID: 6589529473859934102, guid: b2a474d395ca5dd42befa9d441eebd42, type: 3}
      propertyPath: m_SizeDelta.y
      value: 0
      objectReference: {fileID: 0}
    - target: {fileID: 6589529473859934102, guid: b2a474d395ca5dd42befa9d441eebd42, type: 3}
      propertyPath: m_AnchoredPosition.x
      value: 0
      objectReference: {fileID: 0}
    - target: {fileID: 6589529473859934102, guid: b2a474d395ca5dd42befa9d441eebd42, type: 3}
      propertyPath: m_AnchoredPosition.y
      value: 0
      objectReference: {fileID: 0}
    - target: {fileID: 8672446676572020938, guid: b2a474d395ca5dd42befa9d441eebd42, type: 3}
      propertyPath: m_AnchorMax.y
      value: 0
      objectReference: {fileID: 0}
    - target: {fileID: 8672446676572020938, guid: b2a474d395ca5dd42befa9d441eebd42, type: 3}
      propertyPath: m_AnchorMin.y
      value: 0
      objectReference: {fileID: 0}
    - target: {fileID: 8672446676572020938, guid: b2a474d395ca5dd42befa9d441eebd42, type: 3}
      propertyPath: m_SizeDelta.x
      value: 0
      objectReference: {fileID: 0}
    - target: {fileID: 8672446676572020938, guid: b2a474d395ca5dd42befa9d441eebd42, type: 3}
      propertyPath: m_SizeDelta.y
      value: 0
      objectReference: {fileID: 0}
    - target: {fileID: 8672446676572020938, guid: b2a474d395ca5dd42befa9d441eebd42, type: 3}
      propertyPath: m_AnchoredPosition.x
      value: 0
      objectReference: {fileID: 0}
    - target: {fileID: 8672446676572020938, guid: b2a474d395ca5dd42befa9d441eebd42, type: 3}
      propertyPath: m_AnchoredPosition.y
      value: 0
      objectReference: {fileID: 0}
    m_RemovedComponents: []
  m_SourcePrefab: {fileID: 100100000, guid: b2a474d395ca5dd42befa9d441eebd42, type: 3}
--- !u!114 &4508578779901571498 stripped
MonoBehaviour:
  m_CorrespondingSourceObject: {fileID: 1661872384202695250, guid: b2a474d395ca5dd42befa9d441eebd42, type: 3}
  m_PrefabInstance: {fileID: 2990839456275846136}
  m_PrefabAsset: {fileID: 0}
  m_GameObject: {fileID: 0}
  m_Enabled: 1
  m_EditorHideFlags: 0
  m_Script: {fileID: 11500000, guid: eda9e044997c4116a7472793e06d804e, type: 3}
  m_Name: 
  m_EditorClassIdentifier: 
--- !u!1001 &3622997894312100283
PrefabInstance:
  m_ObjectHideFlags: 0
  serializedVersion: 2
  m_Modification:
    m_TransformParent: {fileID: 1858231675098970322}
    m_Modifications:
    - target: {fileID: 306728061685685006, guid: 0e887370f6ce5f648a24e57088de2bc7, type: 3}
      propertyPath: m_Name
      value: DeckCardListWidget
      objectReference: {fileID: 0}
    - target: {fileID: 1115417726211016709, guid: 0e887370f6ce5f648a24e57088de2bc7, type: 3}
      propertyPath: m_AnchorMax.y
      value: 0
      objectReference: {fileID: 0}
    - target: {fileID: 1115417726211016709, guid: 0e887370f6ce5f648a24e57088de2bc7, type: 3}
      propertyPath: m_AnchorMin.y
      value: 0
      objectReference: {fileID: 0}
    - target: {fileID: 1115417726211016709, guid: 0e887370f6ce5f648a24e57088de2bc7, type: 3}
      propertyPath: m_AnchoredPosition.x
      value: 0
      objectReference: {fileID: 0}
    - target: {fileID: 1115417726211016709, guid: 0e887370f6ce5f648a24e57088de2bc7, type: 3}
      propertyPath: m_AnchoredPosition.y
      value: 0
      objectReference: {fileID: 0}
    - target: {fileID: 1693948719105086097, guid: 0e887370f6ce5f648a24e57088de2bc7, type: 3}
      propertyPath: m_SizeDelta.y
      value: 0
      objectReference: {fileID: 0}
    - target: {fileID: 2200386835803069586, guid: 0e887370f6ce5f648a24e57088de2bc7, type: 3}
      propertyPath: m_AnchorMax.y
      value: 0
      objectReference: {fileID: 0}
    - target: {fileID: 2200386835803069586, guid: 0e887370f6ce5f648a24e57088de2bc7, type: 3}
      propertyPath: m_AnchorMin.y
      value: 0
      objectReference: {fileID: 0}
    - target: {fileID: 2200386835803069586, guid: 0e887370f6ce5f648a24e57088de2bc7, type: 3}
      propertyPath: m_AnchoredPosition.x
      value: 0
      objectReference: {fileID: 0}
    - target: {fileID: 2200386835803069586, guid: 0e887370f6ce5f648a24e57088de2bc7, type: 3}
      propertyPath: m_AnchoredPosition.y
      value: 0
      objectReference: {fileID: 0}
    - target: {fileID: 6870398582569829610, guid: 0e887370f6ce5f648a24e57088de2bc7, type: 3}
      propertyPath: m_Pivot.x
      value: 0
      objectReference: {fileID: 0}
    - target: {fileID: 6870398582569829610, guid: 0e887370f6ce5f648a24e57088de2bc7, type: 3}
      propertyPath: m_Pivot.y
      value: 0.5
      objectReference: {fileID: 0}
    - target: {fileID: 6870398582569829610, guid: 0e887370f6ce5f648a24e57088de2bc7, type: 3}
      propertyPath: m_RootOrder
      value: 1
      objectReference: {fileID: 0}
    - target: {fileID: 6870398582569829610, guid: 0e887370f6ce5f648a24e57088de2bc7, type: 3}
      propertyPath: m_AnchorMax.x
      value: 0
      objectReference: {fileID: 0}
    - target: {fileID: 6870398582569829610, guid: 0e887370f6ce5f648a24e57088de2bc7, type: 3}
      propertyPath: m_AnchorMax.y
      value: 1
      objectReference: {fileID: 0}
    - target: {fileID: 6870398582569829610, guid: 0e887370f6ce5f648a24e57088de2bc7, type: 3}
      propertyPath: m_AnchorMin.x
      value: 0
      objectReference: {fileID: 0}
    - target: {fileID: 6870398582569829610, guid: 0e887370f6ce5f648a24e57088de2bc7, type: 3}
      propertyPath: m_AnchorMin.y
      value: 0
      objectReference: {fileID: 0}
    - target: {fileID: 6870398582569829610, guid: 0e887370f6ce5f648a24e57088de2bc7, type: 3}
      propertyPath: m_SizeDelta.x
      value: 420
      objectReference: {fileID: 0}
    - target: {fileID: 6870398582569829610, guid: 0e887370f6ce5f648a24e57088de2bc7, type: 3}
      propertyPath: m_SizeDelta.y
      value: 0
      objectReference: {fileID: 0}
    - target: {fileID: 6870398582569829610, guid: 0e887370f6ce5f648a24e57088de2bc7, type: 3}
      propertyPath: m_LocalPosition.x
      value: 0
      objectReference: {fileID: 0}
    - target: {fileID: 6870398582569829610, guid: 0e887370f6ce5f648a24e57088de2bc7, type: 3}
      propertyPath: m_LocalPosition.y
      value: 0
      objectReference: {fileID: 0}
    - target: {fileID: 6870398582569829610, guid: 0e887370f6ce5f648a24e57088de2bc7, type: 3}
      propertyPath: m_LocalPosition.z
      value: 0
      objectReference: {fileID: 0}
    - target: {fileID: 6870398582569829610, guid: 0e887370f6ce5f648a24e57088de2bc7, type: 3}
      propertyPath: m_LocalRotation.w
      value: 1
      objectReference: {fileID: 0}
    - target: {fileID: 6870398582569829610, guid: 0e887370f6ce5f648a24e57088de2bc7, type: 3}
      propertyPath: m_LocalRotation.x
      value: 0
      objectReference: {fileID: 0}
    - target: {fileID: 6870398582569829610, guid: 0e887370f6ce5f648a24e57088de2bc7, type: 3}
      propertyPath: m_LocalRotation.y
      value: 0
      objectReference: {fileID: 0}
    - target: {fileID: 6870398582569829610, guid: 0e887370f6ce5f648a24e57088de2bc7, type: 3}
      propertyPath: m_LocalRotation.z
      value: 0
      objectReference: {fileID: 0}
    - target: {fileID: 6870398582569829610, guid: 0e887370f6ce5f648a24e57088de2bc7, type: 3}
      propertyPath: m_AnchoredPosition.x
      value: 0
      objectReference: {fileID: 0}
    - target: {fileID: 6870398582569829610, guid: 0e887370f6ce5f648a24e57088de2bc7, type: 3}
      propertyPath: m_AnchoredPosition.y
      value: 0
      objectReference: {fileID: 0}
    - target: {fileID: 6870398582569829610, guid: 0e887370f6ce5f648a24e57088de2bc7, type: 3}
      propertyPath: m_LocalEulerAnglesHint.x
      value: 0
      objectReference: {fileID: 0}
    - target: {fileID: 6870398582569829610, guid: 0e887370f6ce5f648a24e57088de2bc7, type: 3}
      propertyPath: m_LocalEulerAnglesHint.y
      value: 0
      objectReference: {fileID: 0}
    - target: {fileID: 6870398582569829610, guid: 0e887370f6ce5f648a24e57088de2bc7, type: 3}
      propertyPath: m_LocalEulerAnglesHint.z
      value: 0
      objectReference: {fileID: 0}
    - target: {fileID: 8711397315585617735, guid: 0e887370f6ce5f648a24e57088de2bc7, type: 3}
      propertyPath: m_AnchorMax.y
      value: 0
      objectReference: {fileID: 0}
    - target: {fileID: 8711397315585617735, guid: 0e887370f6ce5f648a24e57088de2bc7, type: 3}
      propertyPath: m_AnchorMin.y
      value: 0
      objectReference: {fileID: 0}
    - target: {fileID: 8711397315585617735, guid: 0e887370f6ce5f648a24e57088de2bc7, type: 3}
      propertyPath: m_AnchoredPosition.x
      value: 0
      objectReference: {fileID: 0}
    - target: {fileID: 8711397315585617735, guid: 0e887370f6ce5f648a24e57088de2bc7, type: 3}
      propertyPath: m_AnchoredPosition.y
      value: 0
      objectReference: {fileID: 0}
    - target: {fileID: 8799059635290774317, guid: 0e887370f6ce5f648a24e57088de2bc7, type: 3}
      propertyPath: m_AnchorMax.y
      value: 0
      objectReference: {fileID: 0}
    - target: {fileID: 8799059635290774317, guid: 0e887370f6ce5f648a24e57088de2bc7, type: 3}
      propertyPath: m_AnchorMin.y
      value: 0
      objectReference: {fileID: 0}
    - target: {fileID: 8799059635290774317, guid: 0e887370f6ce5f648a24e57088de2bc7, type: 3}
      propertyPath: m_AnchoredPosition.x
      value: 0
      objectReference: {fileID: 0}
    - target: {fileID: 8799059635290774317, guid: 0e887370f6ce5f648a24e57088de2bc7, type: 3}
      propertyPath: m_AnchoredPosition.y
      value: 0
      objectReference: {fileID: 0}
    m_RemovedComponents: []
  m_SourcePrefab: {fileID: 100100000, guid: 0e887370f6ce5f648a24e57088de2bc7, type: 3}
--- !u!114 &1797475049233165109 stripped
MonoBehaviour:
  m_CorrespondingSourceObject: {fileID: 3077809483567442574, guid: 0e887370f6ce5f648a24e57088de2bc7, type: 3}
  m_PrefabInstance: {fileID: 3622997894312100283}
  m_PrefabAsset: {fileID: 0}
  m_GameObject: {fileID: 0}
  m_Enabled: 1
  m_EditorHideFlags: 0
  m_Script: {fileID: 11500000, guid: e04cfdacaaf344ac94cd33a00ac62bec, type: 3}
  m_Name: 
  m_EditorClassIdentifier: 
--- !u!1001 &5612882124053836736
PrefabInstance:
  m_ObjectHideFlags: 0
  serializedVersion: 2
  m_Modification:
    m_TransformParent: {fileID: 1858231675098970322}
    m_Modifications:
    - target: {fileID: 764104951427712790, guid: 2d35f54eec55bf34d8a31a43a29a1c11, type: 3}
      propertyPath: m_AnchorMax.y
      value: 0
      objectReference: {fileID: 0}
    - target: {fileID: 764104951427712790, guid: 2d35f54eec55bf34d8a31a43a29a1c11, type: 3}
      propertyPath: m_AnchorMin.y
      value: 0
      objectReference: {fileID: 0}
    - target: {fileID: 764104951427712790, guid: 2d35f54eec55bf34d8a31a43a29a1c11, type: 3}
      propertyPath: m_AnchoredPosition.x
      value: 0
      objectReference: {fileID: 0}
    - target: {fileID: 764104951427712790, guid: 2d35f54eec55bf34d8a31a43a29a1c11, type: 3}
      propertyPath: m_AnchoredPosition.y
      value: 0
      objectReference: {fileID: 0}
    - target: {fileID: 1150594362940414616, guid: 2d35f54eec55bf34d8a31a43a29a1c11, type: 3}
      propertyPath: m_AnchorMax.y
      value: 0
      objectReference: {fileID: 0}
    - target: {fileID: 1150594362940414616, guid: 2d35f54eec55bf34d8a31a43a29a1c11, type: 3}
      propertyPath: m_AnchorMin.y
      value: 0
      objectReference: {fileID: 0}
    - target: {fileID: 1150594362940414616, guid: 2d35f54eec55bf34d8a31a43a29a1c11, type: 3}
      propertyPath: m_AnchoredPosition.x
      value: 0
      objectReference: {fileID: 0}
    - target: {fileID: 1150594362940414616, guid: 2d35f54eec55bf34d8a31a43a29a1c11, type: 3}
      propertyPath: m_AnchoredPosition.y
      value: 0
      objectReference: {fileID: 0}
    - target: {fileID: 1736062990039687600, guid: 2d35f54eec55bf34d8a31a43a29a1c11, type: 3}
      propertyPath: m_AnchorMax.y
      value: 0
      objectReference: {fileID: 0}
    - target: {fileID: 1736062990039687600, guid: 2d35f54eec55bf34d8a31a43a29a1c11, type: 3}
      propertyPath: m_AnchorMin.y
      value: 0
      objectReference: {fileID: 0}
    - target: {fileID: 1736062990039687600, guid: 2d35f54eec55bf34d8a31a43a29a1c11, type: 3}
      propertyPath: m_AnchoredPosition.x
      value: 0
      objectReference: {fileID: 0}
    - target: {fileID: 1736062990039687600, guid: 2d35f54eec55bf34d8a31a43a29a1c11, type: 3}
      propertyPath: m_AnchoredPosition.y
      value: 0
      objectReference: {fileID: 0}
    - target: {fileID: 1825512133638034096, guid: 2d35f54eec55bf34d8a31a43a29a1c11, type: 3}
      propertyPath: m_AnchorMax.y
      value: 0
      objectReference: {fileID: 0}
    - target: {fileID: 1825512133638034096, guid: 2d35f54eec55bf34d8a31a43a29a1c11, type: 3}
      propertyPath: m_AnchorMin.y
      value: 0
      objectReference: {fileID: 0}
    - target: {fileID: 1825512133638034096, guid: 2d35f54eec55bf34d8a31a43a29a1c11, type: 3}
      propertyPath: m_AnchoredPosition.x
      value: 0
      objectReference: {fileID: 0}
    - target: {fileID: 1825512133638034096, guid: 2d35f54eec55bf34d8a31a43a29a1c11, type: 3}
      propertyPath: m_AnchoredPosition.y
      value: 0
      objectReference: {fileID: 0}
    - target: {fileID: 2006500711081420922, guid: 2d35f54eec55bf34d8a31a43a29a1c11, type: 3}
      propertyPath: m_AnchorMax.y
      value: 0
      objectReference: {fileID: 0}
    - target: {fileID: 2006500711081420922, guid: 2d35f54eec55bf34d8a31a43a29a1c11, type: 3}
      propertyPath: m_AnchorMin.y
      value: 0
      objectReference: {fileID: 0}
    - target: {fileID: 2006500711081420922, guid: 2d35f54eec55bf34d8a31a43a29a1c11, type: 3}
      propertyPath: m_AnchoredPosition.x
      value: 0
      objectReference: {fileID: 0}
    - target: {fileID: 2006500711081420922, guid: 2d35f54eec55bf34d8a31a43a29a1c11, type: 3}
      propertyPath: m_AnchoredPosition.y
      value: 0
      objectReference: {fileID: 0}
    - target: {fileID: 2748589104511772143, guid: 2d35f54eec55bf34d8a31a43a29a1c11, type: 3}
      propertyPath: m_AnchorMax.y
      value: 0
      objectReference: {fileID: 0}
    - target: {fileID: 2748589104511772143, guid: 2d35f54eec55bf34d8a31a43a29a1c11, type: 3}
      propertyPath: m_AnchorMin.y
      value: 0
      objectReference: {fileID: 0}
    - target: {fileID: 2748589104511772143, guid: 2d35f54eec55bf34d8a31a43a29a1c11, type: 3}
      propertyPath: m_AnchoredPosition.x
      value: 0
      objectReference: {fileID: 0}
    - target: {fileID: 2748589104511772143, guid: 2d35f54eec55bf34d8a31a43a29a1c11, type: 3}
      propertyPath: m_AnchoredPosition.y
      value: 0
      objectReference: {fileID: 0}
    - target: {fileID: 3455725124315921793, guid: 2d35f54eec55bf34d8a31a43a29a1c11, type: 3}
      propertyPath: m_AnchorMax.y
      value: 0
      objectReference: {fileID: 0}
    - target: {fileID: 3455725124315921793, guid: 2d35f54eec55bf34d8a31a43a29a1c11, type: 3}
      propertyPath: m_AnchorMin.y
      value: 0
      objectReference: {fileID: 0}
    - target: {fileID: 3455725124315921793, guid: 2d35f54eec55bf34d8a31a43a29a1c11, type: 3}
      propertyPath: m_AnchoredPosition.x
      value: 0
      objectReference: {fileID: 0}
    - target: {fileID: 3455725124315921793, guid: 2d35f54eec55bf34d8a31a43a29a1c11, type: 3}
      propertyPath: m_AnchoredPosition.y
      value: 0
      objectReference: {fileID: 0}
    - target: {fileID: 3794821767170425673, guid: 2d35f54eec55bf34d8a31a43a29a1c11, type: 3}
      propertyPath: m_AnchorMax.y
      value: 0
      objectReference: {fileID: 0}
    - target: {fileID: 3794821767170425673, guid: 2d35f54eec55bf34d8a31a43a29a1c11, type: 3}
      propertyPath: m_AnchorMin.y
      value: 0
      objectReference: {fileID: 0}
    - target: {fileID: 3794821767170425673, guid: 2d35f54eec55bf34d8a31a43a29a1c11, type: 3}
      propertyPath: m_AnchoredPosition.x
      value: 0
      objectReference: {fileID: 0}
    - target: {fileID: 3794821767170425673, guid: 2d35f54eec55bf34d8a31a43a29a1c11, type: 3}
      propertyPath: m_AnchoredPosition.y
      value: 0
      objectReference: {fileID: 0}
    - target: {fileID: 3992110777863113347, guid: 2d35f54eec55bf34d8a31a43a29a1c11, type: 3}
      propertyPath: m_AnchorMax.y
      value: 0
      objectReference: {fileID: 0}
    - target: {fileID: 3992110777863113347, guid: 2d35f54eec55bf34d8a31a43a29a1c11, type: 3}
      propertyPath: m_AnchorMin.y
      value: 0
      objectReference: {fileID: 0}
    - target: {fileID: 3992110777863113347, guid: 2d35f54eec55bf34d8a31a43a29a1c11, type: 3}
      propertyPath: m_AnchoredPosition.x
      value: 0
      objectReference: {fileID: 0}
    - target: {fileID: 3992110777863113347, guid: 2d35f54eec55bf34d8a31a43a29a1c11, type: 3}
      propertyPath: m_AnchoredPosition.y
      value: 0
      objectReference: {fileID: 0}
    - target: {fileID: 4982578472183499700, guid: 2d35f54eec55bf34d8a31a43a29a1c11, type: 3}
      propertyPath: m_AnchorMax.y
      value: 0
      objectReference: {fileID: 0}
    - target: {fileID: 4982578472183499700, guid: 2d35f54eec55bf34d8a31a43a29a1c11, type: 3}
      propertyPath: m_AnchorMin.y
      value: 0
      objectReference: {fileID: 0}
    - target: {fileID: 4982578472183499700, guid: 2d35f54eec55bf34d8a31a43a29a1c11, type: 3}
      propertyPath: m_AnchoredPosition.x
      value: 0
      objectReference: {fileID: 0}
    - target: {fileID: 4982578472183499700, guid: 2d35f54eec55bf34d8a31a43a29a1c11, type: 3}
      propertyPath: m_AnchoredPosition.y
      value: 0
      objectReference: {fileID: 0}
    - target: {fileID: 5146338758943512312, guid: 2d35f54eec55bf34d8a31a43a29a1c11, type: 3}
      propertyPath: m_Pivot.x
      value: 0.5
      objectReference: {fileID: 0}
    - target: {fileID: 5146338758943512312, guid: 2d35f54eec55bf34d8a31a43a29a1c11, type: 3}
      propertyPath: m_Pivot.y
      value: 0.5
      objectReference: {fileID: 0}
    - target: {fileID: 5146338758943512312, guid: 2d35f54eec55bf34d8a31a43a29a1c11, type: 3}
      propertyPath: m_RootOrder
      value: 2
      objectReference: {fileID: 0}
    - target: {fileID: 5146338758943512312, guid: 2d35f54eec55bf34d8a31a43a29a1c11, type: 3}
      propertyPath: m_AnchorMax.x
      value: 1
      objectReference: {fileID: 0}
    - target: {fileID: 5146338758943512312, guid: 2d35f54eec55bf34d8a31a43a29a1c11, type: 3}
      propertyPath: m_AnchorMax.y
      value: 1
      objectReference: {fileID: 0}
    - target: {fileID: 5146338758943512312, guid: 2d35f54eec55bf34d8a31a43a29a1c11, type: 3}
      propertyPath: m_AnchorMin.x
      value: 0
      objectReference: {fileID: 0}
    - target: {fileID: 5146338758943512312, guid: 2d35f54eec55bf34d8a31a43a29a1c11, type: 3}
      propertyPath: m_AnchorMin.y
      value: 0
      objectReference: {fileID: 0}
    - target: {fileID: 5146338758943512312, guid: 2d35f54eec55bf34d8a31a43a29a1c11, type: 3}
      propertyPath: m_SizeDelta.x
      value: -420
      objectReference: {fileID: 0}
    - target: {fileID: 5146338758943512312, guid: 2d35f54eec55bf34d8a31a43a29a1c11, type: 3}
      propertyPath: m_SizeDelta.y
      value: 0
      objectReference: {fileID: 0}
    - target: {fileID: 5146338758943512312, guid: 2d35f54eec55bf34d8a31a43a29a1c11, type: 3}
      propertyPath: m_LocalPosition.x
      value: 0
      objectReference: {fileID: 0}
    - target: {fileID: 5146338758943512312, guid: 2d35f54eec55bf34d8a31a43a29a1c11, type: 3}
      propertyPath: m_LocalPosition.y
      value: 0
      objectReference: {fileID: 0}
    - target: {fileID: 5146338758943512312, guid: 2d35f54eec55bf34d8a31a43a29a1c11, type: 3}
      propertyPath: m_LocalPosition.z
      value: 0
      objectReference: {fileID: 0}
    - target: {fileID: 5146338758943512312, guid: 2d35f54eec55bf34d8a31a43a29a1c11, type: 3}
      propertyPath: m_LocalRotation.w
      value: 1
      objectReference: {fileID: 0}
    - target: {fileID: 5146338758943512312, guid: 2d35f54eec55bf34d8a31a43a29a1c11, type: 3}
      propertyPath: m_LocalRotation.x
      value: 0
      objectReference: {fileID: 0}
    - target: {fileID: 5146338758943512312, guid: 2d35f54eec55bf34d8a31a43a29a1c11, type: 3}
      propertyPath: m_LocalRotation.y
      value: 0
      objectReference: {fileID: 0}
    - target: {fileID: 5146338758943512312, guid: 2d35f54eec55bf34d8a31a43a29a1c11, type: 3}
      propertyPath: m_LocalRotation.z
      value: 0
      objectReference: {fileID: 0}
    - target: {fileID: 5146338758943512312, guid: 2d35f54eec55bf34d8a31a43a29a1c11, type: 3}
      propertyPath: m_AnchoredPosition.x
      value: 210
      objectReference: {fileID: 0}
    - target: {fileID: 5146338758943512312, guid: 2d35f54eec55bf34d8a31a43a29a1c11, type: 3}
      propertyPath: m_AnchoredPosition.y
      value: 0
      objectReference: {fileID: 0}
    - target: {fileID: 5146338758943512312, guid: 2d35f54eec55bf34d8a31a43a29a1c11, type: 3}
      propertyPath: m_LocalEulerAnglesHint.x
      value: 0
      objectReference: {fileID: 0}
    - target: {fileID: 5146338758943512312, guid: 2d35f54eec55bf34d8a31a43a29a1c11, type: 3}
      propertyPath: m_LocalEulerAnglesHint.y
      value: 0
      objectReference: {fileID: 0}
    - target: {fileID: 5146338758943512312, guid: 2d35f54eec55bf34d8a31a43a29a1c11, type: 3}
      propertyPath: m_LocalEulerAnglesHint.z
      value: 0
      objectReference: {fileID: 0}
    - target: {fileID: 5303395585154829908, guid: 2d35f54eec55bf34d8a31a43a29a1c11, type: 3}
      propertyPath: m_AnchorMax.y
      value: 0
      objectReference: {fileID: 0}
    - target: {fileID: 5303395585154829908, guid: 2d35f54eec55bf34d8a31a43a29a1c11, type: 3}
      propertyPath: m_AnchorMin.y
      value: 0
      objectReference: {fileID: 0}
    - target: {fileID: 5303395585154829908, guid: 2d35f54eec55bf34d8a31a43a29a1c11, type: 3}
      propertyPath: m_AnchoredPosition.x
      value: 0
      objectReference: {fileID: 0}
    - target: {fileID: 5303395585154829908, guid: 2d35f54eec55bf34d8a31a43a29a1c11, type: 3}
      propertyPath: m_AnchoredPosition.y
      value: 0
      objectReference: {fileID: 0}
    - target: {fileID: 5839640424162228566, guid: 2d35f54eec55bf34d8a31a43a29a1c11, type: 3}
      propertyPath: m_AnchorMax.y
      value: 0
      objectReference: {fileID: 0}
    - target: {fileID: 5839640424162228566, guid: 2d35f54eec55bf34d8a31a43a29a1c11, type: 3}
      propertyPath: m_AnchorMin.y
      value: 0
      objectReference: {fileID: 0}
    - target: {fileID: 5839640424162228566, guid: 2d35f54eec55bf34d8a31a43a29a1c11, type: 3}
      propertyPath: m_AnchoredPosition.x
      value: 0
      objectReference: {fileID: 0}
    - target: {fileID: 5839640424162228566, guid: 2d35f54eec55bf34d8a31a43a29a1c11, type: 3}
      propertyPath: m_AnchoredPosition.y
      value: 0
      objectReference: {fileID: 0}
    - target: {fileID: 6018940366760821660, guid: 2d35f54eec55bf34d8a31a43a29a1c11, type: 3}
      propertyPath: m_AnchorMax.y
      value: 0
      objectReference: {fileID: 0}
    - target: {fileID: 6018940366760821660, guid: 2d35f54eec55bf34d8a31a43a29a1c11, type: 3}
      propertyPath: m_AnchorMin.y
      value: 0
      objectReference: {fileID: 0}
    - target: {fileID: 6018940366760821660, guid: 2d35f54eec55bf34d8a31a43a29a1c11, type: 3}
      propertyPath: m_AnchoredPosition.x
      value: 0
      objectReference: {fileID: 0}
    - target: {fileID: 6018940366760821660, guid: 2d35f54eec55bf34d8a31a43a29a1c11, type: 3}
      propertyPath: m_AnchoredPosition.y
      value: 0
      objectReference: {fileID: 0}
    - target: {fileID: 7288834595504450733, guid: 2d35f54eec55bf34d8a31a43a29a1c11, type: 3}
      propertyPath: m_AnchorMax.y
      value: 0
      objectReference: {fileID: 0}
    - target: {fileID: 7288834595504450733, guid: 2d35f54eec55bf34d8a31a43a29a1c11, type: 3}
      propertyPath: m_AnchorMin.y
      value: 0
      objectReference: {fileID: 0}
    - target: {fileID: 7288834595504450733, guid: 2d35f54eec55bf34d8a31a43a29a1c11, type: 3}
      propertyPath: m_AnchoredPosition.x
      value: 0
      objectReference: {fileID: 0}
    - target: {fileID: 7288834595504450733, guid: 2d35f54eec55bf34d8a31a43a29a1c11, type: 3}
      propertyPath: m_AnchoredPosition.y
      value: 0
      objectReference: {fileID: 0}
    - target: {fileID: 7609951857952696653, guid: 2d35f54eec55bf34d8a31a43a29a1c11, type: 3}
      propertyPath: m_AnchorMax.y
      value: 0
      objectReference: {fileID: 0}
    - target: {fileID: 7609951857952696653, guid: 2d35f54eec55bf34d8a31a43a29a1c11, type: 3}
      propertyPath: m_AnchorMin.y
      value: 0
      objectReference: {fileID: 0}
    - target: {fileID: 7609951857952696653, guid: 2d35f54eec55bf34d8a31a43a29a1c11, type: 3}
      propertyPath: m_AnchoredPosition.x
      value: 0
      objectReference: {fileID: 0}
    - target: {fileID: 7609951857952696653, guid: 2d35f54eec55bf34d8a31a43a29a1c11, type: 3}
      propertyPath: m_AnchoredPosition.y
      value: 0
      objectReference: {fileID: 0}
    - target: {fileID: 7851714758201717955, guid: 2d35f54eec55bf34d8a31a43a29a1c11, type: 3}
      propertyPath: m_AnchorMax.y
      value: 0
      objectReference: {fileID: 0}
    - target: {fileID: 7851714758201717955, guid: 2d35f54eec55bf34d8a31a43a29a1c11, type: 3}
      propertyPath: m_AnchorMin.y
      value: 0
      objectReference: {fileID: 0}
    - target: {fileID: 7851714758201717955, guid: 2d35f54eec55bf34d8a31a43a29a1c11, type: 3}
      propertyPath: m_AnchoredPosition.x
      value: 0
      objectReference: {fileID: 0}
    - target: {fileID: 7851714758201717955, guid: 2d35f54eec55bf34d8a31a43a29a1c11, type: 3}
      propertyPath: m_AnchoredPosition.y
      value: 0
      objectReference: {fileID: 0}
    - target: {fileID: 8475161524111498729, guid: 2d35f54eec55bf34d8a31a43a29a1c11, type: 3}
      propertyPath: m_Name
      value: DeckVsWidget
      objectReference: {fileID: 0}
    - target: {fileID: 9114157032507560549, guid: 2d35f54eec55bf34d8a31a43a29a1c11, type: 3}
      propertyPath: m_AnchorMax.y
      value: 0
      objectReference: {fileID: 0}
    - target: {fileID: 9114157032507560549, guid: 2d35f54eec55bf34d8a31a43a29a1c11, type: 3}
      propertyPath: m_AnchorMin.y
      value: 0
      objectReference: {fileID: 0}
    - target: {fileID: 9114157032507560549, guid: 2d35f54eec55bf34d8a31a43a29a1c11, type: 3}
      propertyPath: m_AnchoredPosition.x
      value: 0
      objectReference: {fileID: 0}
    - target: {fileID: 9114157032507560549, guid: 2d35f54eec55bf34d8a31a43a29a1c11, type: 3}
      propertyPath: m_AnchoredPosition.y
      value: 0
      objectReference: {fileID: 0}
    - target: {fileID: 9167574030600921445, guid: 2d35f54eec55bf34d8a31a43a29a1c11, type: 3}
      propertyPath: m_AnchorMax.y
      value: 0
      objectReference: {fileID: 0}
    - target: {fileID: 9167574030600921445, guid: 2d35f54eec55bf34d8a31a43a29a1c11, type: 3}
      propertyPath: m_AnchorMin.y
      value: 0
      objectReference: {fileID: 0}
    - target: {fileID: 9167574030600921445, guid: 2d35f54eec55bf34d8a31a43a29a1c11, type: 3}
      propertyPath: m_AnchoredPosition.x
      value: 0
      objectReference: {fileID: 0}
    - target: {fileID: 9167574030600921445, guid: 2d35f54eec55bf34d8a31a43a29a1c11, type: 3}
      propertyPath: m_AnchoredPosition.y
      value: 0
      objectReference: {fileID: 0}
    m_RemovedComponents: []
  m_SourcePrefab: {fileID: 100100000, guid: 2d35f54eec55bf34d8a31a43a29a1c11, type: 3}
--- !u!1 &4069323376708496937 stripped
GameObject:
  m_CorrespondingSourceObject: {fileID: 8475161524111498729, guid: 2d35f54eec55bf34d8a31a43a29a1c11, type: 3}
  m_PrefabInstance: {fileID: 5612882124053836736}
  m_PrefabAsset: {fileID: 0}
--- !u!114 &8753513205328338801 stripped
MonoBehaviour:
  m_CorrespondingSourceObject: {fileID: 3791555263280393393, guid: 2d35f54eec55bf34d8a31a43a29a1c11, type: 3}
  m_PrefabInstance: {fileID: 5612882124053836736}
  m_PrefabAsset: {fileID: 0}
  m_GameObject: {fileID: 4069323376708496937}
  m_Enabled: 1
  m_EditorHideFlags: 0
  m_Script: {fileID: 11500000, guid: 588b98806be44822b3a23a4d565d8b70, type: 3}
  m_Name: 
  m_EditorClassIdentifier: 
--- !u!114 &8234967829064746947 stripped
MonoBehaviour:
  m_CorrespondingSourceObject: {fileID: 4588197227464422403, guid: 2d35f54eec55bf34d8a31a43a29a1c11, type: 3}
  m_PrefabInstance: {fileID: 5612882124053836736}
  m_PrefabAsset: {fileID: 0}
  m_GameObject: {fileID: 4069323376708496937}
  m_Enabled: 1
  m_EditorHideFlags: 0
  m_Script: {fileID: 11500000, guid: fe87c0e1cc204ed48ad3b37840f39efc, type: 3}
  m_Name: 
  m_EditorClassIdentifier: 
